 Dungeon Crawl Stone Soup version 0.28-a0-932-g843f935a50 (webtiles) character file.

Game seed: 9787478241044111557

3307 ytrimaz the Chopper (level 9, -2/69 (72) HPs)
             Began as a Demonspawn Chaos Knight on Nov 28, 2021.
             Was a Plaything of Xom.
             Shot with a sling bullet by Joseph (21 damage)
             ... on level 8 of the Dungeon.
             The game lasted 00:10:40 (5775 turns).

ytrimaz the Chopper (Demonspawn Chaos Knight)       Turns: 5775, Time: 00:10:41

HP:   -2/69 (72)    AC:  7    Str: 14    XL:     9   Next: 70%
MP:   20/20         EV: 14    Int: 13    God:    Xom [..*...]
Gold: 290           SH:  0    Dex: 15    Spells: 11/11 levels left

rFire   . . .      SeeInvis +   a - +0 hand axe (chaos)
rCold   . . .      Faith    .   (no shield)
rNeg    . . .      Spirit   .   b - +2 leather armour
rPois   .          Reflect  .   (no helmet)
rElec   .          Harm     .   (no cloak)
rCorr   .          Rampage  .   (no gloves)
Will    .....                   (boots unavailable)
Stlth   +.........              c - amulet of regeneration
HPRegen 1.01/turn               n - ring of magical power
MPRegen 0.17/turn               (no ring)

@: lightly drained, unable to read
A: hooves 3, powered by death 1, sharp scales 2, demonic magic 1, see invisible,
agile 1, weak 1, wild magic 1, inability to read while threatened
a: Renounce Religion


You were on level 8 of the Dungeon.
You worshipped Xom.
You were a toy of Xom.
You visited 2 branches of the dungeon, and saw 9 of its levels.

You collected 394 gold pieces.
You spent 104 gold pieces at shops.

Inventory:

Hand Weapons
 a - a +0 hand axe of chaos (weapon)
 r - a +6 hand axe
Missiles
 i - 8 boomerangs (quivered)
Armour
 b - a +2 leather armour (worn)
Jewellery
 c - an amulet of regeneration (around neck)
 n - a ring of magical power (left hand)
Wands
 d - a wand of iceblast (20)
 e - a wand of polymorph (3)
 g - a wand of paralysis (9)
 m - a wand of mindburst (13)
 p - a wand of acid (8)
 t - a wand of charming (7)
Scrolls
 f - 2 scrolls of noise
 j - 2 scrolls of teleportation
 k - 2 scrolls of enchant armour
 l - a scroll of fear
Potions
 h - 5 potions of curing
 o - a potion of heal wounds {unknown}
 q - 2 potions of invisibility {unknown}
 s - a potion of brilliance


   Skills:
 * Level 7.6 Fighting
 + Level 7.9 Axes
 * Level 5.4 Armour
 * Level 5.6 Dodging
 * Level 1.7 Spellcasting


You had 11 spell levels left.
You didn't know any spells.
Your spell library contained the following spells:

 Spells                   Type           Power      Damage    Failure   Level
 Magic Dart               Conj           4%         1d3       41%         1
 Shock                    Conj/Air       4%         1d3       41%         1
 Blink                    Tloc           2%         N/A       52%         2
 Searing Ray              Conj           2%         2d4       52%         2
 Lesser Beckoning         Tloc           1%         N/A       75%         3
 Swiftness                Air            1%         N/A       75%         3
 Airstrike                Air            0%         N/A       98%         4
 Fulminant Prism          Conj/Hex       0%         3d6       98%         4
 Manifold Assault         Tloc           1%         N/A       100%        5


Dungeon Overview and Level Annotations

Branches:
Dungeon (8/15)             Temple (1/1) D:4
   Lair: D:8-11

Altars:
Ashenzari
Cheibriados
Dithmenos
Elyvilon
Fedhas
Hepliaklqana
Qazlal
Ru
Sif Muna
Trog
Uskayaw
Vehumet
Wu Jian
Xom
Yredelemnul
Zin
The Shining One

Shops:
D:5 !   D:6 [   D:7 *

Annotations:
D:7 Pikel
D:8 Joseph, Prince Ribbit


Innate Abilities, Weirdness & Mutations

You have hooves in place of feet.
You regenerate a little health from kills.
You are mostly covered in razor-sharp scales. (AC +2, Slay +2)
Spells you cast may paralyse adjacent enemies.
You have supernaturally acute eyesight. (SInv)
You are agile. (Dex +2)
You are weak. (Str -2)
Your spells are a little harder to cast, but a little more powerful.
You sometimes lose the ability to read scrolls when taking damage.


Message History

You barely miss the white imp. Your kick misses the white imp.
The white imp is lightly wounded.
Prince Ribbit hops awkwardly around.
The white imp closely misses you.
Unknown command.
The white imp gestures at you. The puff of frost hits you.
Joseph shoots a sling bullet.
The sling bullet misses you.
The sling bullet hits the orc wizard!
Prince Ribbit hits you.
Prince Ribbit winks and puckers his lips.
Prince Ribbit hits you!
Joseph shoots a sling bullet.
The sling bullet hits you!
You feel threatened and lose the ability to read scrolls!
Prince Ribbit blinks!
Joseph shoots a sling bullet.
The sling bullet hits you!
* * * LOW HITPOINT WARNING * * *
Unknown command.
You cannot read scrolls in your current state!
Unknown command.
You cannot read scrolls in your current state!
Unknown command.
Prince Ribbit asks, "Just a little smooch?"
Prince Ribbit blinks!
The orc wizard casts a spell at you.
You easily resist.
The white imp gestures at you.
The puff of frost hits the orc wizard!
The orc wizard dies!
Joseph shoots a sling bullet.
The sling bullet closely misses you.
Prince Ribbit blinks!
Joseph shoots a sling bullet.
The sling bullet barely misses you.
Unknown command.
Prince Ribbit blinks!
An orc comes into view.
It is wielding a +2 flail of protection.
Joseph shoots a sling bullet.
The sling bullet closely misses you.
You cannot read scrolls in your current state!
The orc shouts!
The orc wizard points at you and mumbles some strange words.
You easily resist.
Joseph shoots a sling bullet.
The sling bullet hits you!!
You die...
Xom titters!

.......##
.............# #
.............## #.
##....##......# ##.
#.....#.#....####
#...#.....#.#@......#
#..................#
##.............#
#....@.o.5)...##
......##........#
..........###...#
.........o..##.##
F.......##..##.##
........ #..o..##
....ยง..!>###......##
.?......#..)).....#
.........).)....##


You could see Joseph, Prince Ribbit, an orc wizard, a white imp (invisible) and
2 orcs.

Vanquished Creatures
  Grinder (D:5)
  Sigmund (D:4)
  Edmund (D:5)
  2 water moccasins
  Duvessa (D:7)
  A sky beast (D:7)
  An ice beast (D:7)
  2 necrophages
  A black bear (D:7)
  A centaur (D:7)
  A wolf (D:4)
  4 ogres
  Blork the orc (D:5)
  A kobold brigand (D:7)
  3 bullfrogs
  A scorpion (D:6)
  Dowan (D:7)
  6 wights
  3 howler monkeys (D:7)
  2 hounds
  3 orc priests
  2 jellies (D:4)
  2 gnoll shamans
  An iguana (D:6)
  Terence (D:3)
  4 orc wizards
  A hound skeleton (D:4)
  A howler monkey zombie (D:6)
  3 howler monkey skeletons
  11 gnolls
  7 adders
  2 white imps (D:5)
  2 ufetubi
  4 dart slugs
  16 orcs
  6 bats
  17 endoplasms
  7 giant cockroaches
  8 goblins
  6 hobgoblins
  4 jackals (D:4)
  2 quokkas
  4 ball pythons
  A frilled lizard (D:3)
  14 kobolds
  3 rats
167 creatures vanquished.

Vanquished Creatures (others)
  An orc wizard (D:8)
  7 fungi (D:4)
  6 toadstools (D:4)
14 creatures vanquished.

Grand Total: 181 creatures vanquished

Notes
Turn   | Place    | Note
-------+----------+-------------------------------------------
     0 | D:1      | ytrimaz the Demonspawn Chaos Knight began the quest for the
                  | Orb.
     0 | D:1      | Reached XP level 1. HP: 18/18 MP: 1/1
    99 | D:1      | XOM: silly message
   157 | D:1      | Reached skill level 1 in Dodging
   169 | D:1      | Gained mutation: You regenerate a little health from kills.
                  | [demonic ancestry]
   169 | D:1      | Reached XP level 2. HP: 24/24 MP: 2/2
   191 | D:1      | Acquired an amulet of regeneration
   398 | D:1      | Gained mutation: You are partially covered in razor-sharp
                  | scales. (AC +1, Slay +1) [demonic ancestry]
   398 | D:1      | Reached XP level 3. HP: 29/29 MP: 3/3
  1225 | D:2      | XOM: silly message
  1356 | D:2      | XOM: silly message
  1368 | D:3      | Noticed Terence
  1373 | D:3      | XOM: divination: detect creatures
  1384 | D:3      | Killed Terence
  1385 | D:3      | Gained mutation: You have large cloven feet. [demonic
                  | ancestry]
  1385 | D:3      | Reached XP level 4. HP: 24/37 MP: 4/4
  1440 | D:3      | Found a bloodstained altar of Trog.
  1486 | D:3      | XOM: silly message
  1540 | D:3      | Reached XP level 5. HP: 42/42 MP: 5/5
  1560 | D:3      | Noticed a necrophage
  1562 | D:3      | XOM: potion effect (brilliance)
  1565 | D:3      | XOM: potion effect (might)
  1576 | D:3      | Killed a necrophage
  1671 | D:3      | XOM: silly message
  1804 | D:3      | XOM: divination: detect creatures
  2017 | D:3      | XOM: divination: magic mapping
  2041 | D:4      | Found a staircase to the Ecumenical Temple.
  2047 | D:4      | Noticed Sigmund
  2048 | Temple   | Entered the Ecumenical Temple
  2073 | Temple   | XOM: silly message
  2134 | D:4      | XOM: potion effect (haste)
  2170 | D:4      | Noticed an ogre
  2172 | D:4      | XOM: potion effect (haste)
  2177 | D:4      | Killed an ogre
  2178 | D:4      | Gained mutation: You are mostly covered in razor-sharp
                  | scales. (AC +2, Slay +2) [demonic ancestry]
  2178 | D:4      | Reached XP level 6. HP: 47/49 MP: 6/6
  2237 | D:4      | XOM: potion effect (brilliance)
  2323 | D:4      | XOM: confuse monster(s)
  2341 | D:4      | XOM: enchant monster (bad)
  2361 | D:4      | Killed Sigmund
  2362 | D:4      | Reached skill level 5 in Fighting
  2362 | D:4      | Gained mutation: You have hoof-like feet. [demonic
                  | ancestry]
  2362 | D:4      | Reached XP level 7. HP: 56/56 MP: 7/7
  2396 | D:4      | XOM: give mutation
  2396 | D:4      | Gained mutation: You are clumsy. (Dex -2) [Xom's mischief]
  2398 | D:4      | Reached skill level 5 in Axes
  2578 | D:4      | XOM: polymorph jelly -> wolf
  2867 | D:5      | Entered Level 5 of the Dungeon
  2878 | D:5      | Reached XP level 8. HP: 62/63 MP: 8/8
  2956 | D:5      | XOM: god gift: wand of mindburst (13)
  2997 | D:5      | Noticed Blork the orc
  3007 | D:5      | Killed Blork the orc
  3051 | D:5      | Found Ygoaj's Distillery.
  3058 | D:5      | Bought a potion of mutation for 104 gold pieces
  3058 | D:5      | Lost mutation: You are clumsy. (Dex -2) [potion of
                  | mutation]
  3058 | D:5      | Gained mutation: You are weak. (Str -2) [potion of
                  | mutation]
  3058 | D:5      | Gained mutation: You are agile. (Dex +2) [potion of
                  | mutation]
  3190 | D:5      | XOM: 4-stop teleportation journey
  3204 | D:5      | XOM: give mutations
  3204 | D:5      | Gained mutation: You have hooves in place of feet. [Xom's
                  | grace]
  3204 | D:5      | Gained mutation: You have supernaturally acute eyesight.
                  | (SInv) [Xom's grace]
  3204 | D:5      | Gained mutation: You have a pair of small antennae on your
                  | head. [Xom's grace]
  3467 | D:5      | XOM: confuse monster(s)
  3476 | D:5      | Noticed Grinder
  3496 | D:5      | Killed Grinder
  3555 | D:5      | Lost mutation: You have a pair of small antennae on your
                  | head. [potion of mutation]
  3555 | D:5      | Gained mutation: You occasionally shout uncontrollably at
                  | your foes. [potion of mutation]
  3555 | D:5      | Gained mutation: Your spells are a little harder to cast,
                  | but a little more powerful. [potion of mutation]
  3900 | D:5      | Noticed Edmund
  3909 | D:5      | Killed Edmund
  4176 | D:6      | XOM: 2-stop teleportation journey
  4182 | D:6      | Gained mutation: Spells you cast may paralyse adjacent
                  | enemies. [demonic ancestry]
  4182 | D:6      | Reached XP level 9. HP: 71/71 MP: 9/9
  4189 | D:6      | Found Padup's Armour Shop.
  4249 | D:6      | XOM: noise
  4444 | D:6      | Found a hide-covered altar of Uskayaw.
  4444 | D:6      | Found a basalt altar of Yredelemnul.
  4645 | D:6      | Reached skill level 5 in Armour
  4654 | D:6      | Identified the +0 long sword of the Philosopher {pain,
                  | +Blink Int+4 Stlth+}
  4798 | D:6      | Reached skill level 5 in Dodging
  4859 | D:6      | XOM: summons 3 hostile demons
  4937 | D:7      | XOM: fake destruction
  4982 | D:7      | XOM: 1-stop teleportation journey
  4995 | D:7      | Found Petexeczy's Island Escapes.
  4995 | D:7      | Noticed Pikel
  5040 | D:7      | XOM: noise
  5068 | D:7      | Noticed Dowan
  5069 | D:7      | Noticed Duvessa
  5083 | D:7      | Killed Dowan
  5084 | D:7      | Reached skill level 1 in Spellcasting
  5092 | D:7      | Killed Duvessa
  5158 | D:7      | XOM: 1-stop teleportation journey
  5253 | D:7      | XOM: 1-stop teleportation journey
  5277 | D:7      | XOM: give mutations
  5277 | D:7      | Lost mutation: You occasionally shout uncontrollably at
                  | your foes. [Xom's mischief]
  5277 | D:7      | Gained mutation: You sometimes lose the ability to read
                  | scrolls when taking damage. [Xom's mischief]
  5281 | D:7      | XOM: 3-stop teleportation journey
  5660 | D:7      | XOM: divination: detect creatures
  5702 | D:7      | XOM: divination: magic mapping
  5717 | D:8      | Found a shadowy altar of Dithmenos.
  5717 | D:8      | Found a shimmering blue altar of Sif Muna.
  5722 | D:8      | Found a blossoming altar of Fedhas.
  5749 | D:8      | Noticed Prince Ribbit
  5764 | D:8      | Noticed Joseph
  5775 | D:8      | Shot with a sling bullet by Joseph

Illustrated notes

Levels and vault maps discovered:
D:1:      psy_arrival_statuary, layout_basic,
          nicolae_concentric_dashed_squares_wild
D:2:      layout_basic
D:3:      minmay_skewed_foursquare, layout_rooms, nicolae_overflow_squiral,
          uniq_terence
D:4:      cheibrodos_fertilizer, layout_cave_pools,
          minmay_temple_entry_stoned_glass, uniq_sigmund
D:5:      layout_basic, serial_shops, shop, sigmund_army, uniq_blork_the_orc,
          uniq_edmund, uniq_grinder
D:6:      layout_basic, jmf_multi_god_temple, serial_shops, shop
D:7:      layout_gridville, nicolae_island_escapes, uniq_pikel, uniq_duvessa,
          uniq_maggie
D:8:      layout_cave_pools, marbit_many_paths,
          gammafunk_temple_overflow_forgotten, minmay_joined_circles,
          uniq_joseph, uniq_prince_ribbit1
Temple:   compressed_dpeg_circular_temple

Skill      XL: |  1  2  3  4  5  6  7  8  9 |
---------------+----------------------------+-----
Dodging        | 1 2 3 4 5 |  5.6
Axes           | 3 4 5 7 |  7.9
Armour         | 2 3 4 5 |  5.4
Fighting       | 4 5 6 7 |  7.6
Spellcasting   | 1 |  1.7

Action                   |  1- 3 |  4- 6 |  7- 9 || total
-------------------------+-------+-------+-------++-------
Melee: Hand axe          |   109 |   104 |   252 ||   465
       Kick              |       |    19 |    79 ||    98
Throw: Boomerang         |       |       |    22 ||    22
  Use: Scroll            |     8 |       |     3 ||    11
       Potion            |       |     1 |     4 ||     5
 Stab: Confused          |       |     1 |       ||     1
       Petrifying        |       |       |     1 ||     1
       Paralysed         |       |       |     1 ||     1
Armor: Leather armour    |    50 |    50 |    76 ||   176
Dodge: Dodged            |    65 |    64 |   199 ||   328

Table legend: (Time is in decaauts)
 A = Elapsed time spent in this place.
 B = Non-inter-level travel time spent in this place.
 C = Inter-level travel time spent in this place.
 D = Time resting spent in this place.
 E = Time spent auto-exploring this place.
 F = Levels seen in this place.
 G = Mean time per level.
                   A        B        C        D        E       F      G
               +--------+--------+--------+--------+--------+-----+--------+
         Total |   5772 |   5558 |    214 |    180 |   4006 |   9 |  641.3 |
       Dungeon |   5686 |   5481 |    205 |    180 |   3940 |   8 |  710.8 |
        Temple |     85 |     76 |      9 |      0 |     66 |   1 |   85.0 |
               +--------+--------+--------+--------+--------+-----+--------+

Top non-repeatable levels by time:
     D:5: 1144 daAuts
     D:1: 869 daAuts
     D:7: 853 daAuts
     D:6: 846 daAuts
     D:3: 725 daAuts
     D:4: 673 daAuts
     D:2: 513 daAuts
  Temple: 85 daAuts
     D:8: 60 daAuts
